 Dungeon Crawl Stone Soup version 0.30-a0-528-g8c47a4955b (webtiles) character file.

Game seed: 11396781593041841846

91 ryw the Caller (level 4, -8/33 HPs)
             Began as a Merfolk Summoner on Dec 23, 2022.
             Killed by divine providence
             ... invoked by an orc priest
              (12 damage)
             ... on level 3 of the Dungeon.
             The game lasted 00:03:31 (1926 turns).

ryw the Caller (Merfolk Summoner)                   Turns: 1926, Time: 00:03:32

Health: -8/33      AC:  2    Str:  8    XL:     4   Next: 59%
Magic:  4/7        EV: 13    Int: 11    God:
Gold:   65         SH:  0    Dex: 14    Spells: 2/8 levels left

rFire   + . .      SeeInvis .    h - +5 morningstar of Articulation {pain, rC++ Int-5}
rCold   + + .      Faith    .    (no shield)
rNeg    . . .      Spirit   .    a - +0 robe
rPois   +          Reflect  .    (no helmet)
rElec   .          Harm     .    (no cloak)
rCorr   .          Rampage  .    (no gloves)
Will    .....                    (no boots)
Stlth   ++                       q - amulet of regeneration
HPRegen 1.05/turn                d - ring of protection from fire
MPRegen 0.10/turn                k - ring of poison resistance

@: no status effects
A: (nimble swimmer 2), mertail
a: no special abilities


You were on level 3 of the Dungeon.
You visited 1 branch of the dungeon, and saw 3 of its levels.

You collected 65 gold pieces.

Inventory:

Hand Weapons
 e - a +0 short sword
 h - the +5 morningstar of Articulation (weapon) {pain, rC++ Int-5}
   (You found it on level 1 of the Dungeon)

   In the hands of one skilled in necromantic magic, it inflicts extra damage on
   living creatures.
   Int:       It affects your intelligence (-5).
   rC:        It greatly protects you from cold.
Armour
 a - a +0 robe (worn)
Jewellery
 d - a ring of protection from fire (left hand)
 k - a ring of poison resistance (right hand)
 q - an amulet of regeneration (around neck)
Scrolls
 c - 3 scrolls of identify {unknown}
 l - a scroll of teleportation {unknown}
 n - a scroll of fear {unknown}
 o - a scroll of brand weapon {unknown}
 r - a scroll of silence {unknown}
Potions
 b - 4 potions of magic
 f - a potion of lignification {unknown}
 g - a potion of flight {unknown}
 i - a potion of brilliance {unknown}
 j - a potion of curing {unknown}
 m - a potion of ambrosia {unknown}
 p - a potion of might {unknown}


   Skills:
 + Level 1.6 Fighting
 + Level 3.6 Dodging
 - Level 2.1 Stealth
 + Level 2.5 Spellcasting
 * Level 4.8 Summonings


You had 2 spell levels left.
You knew the following spells:

 Your Spells              Type           Power      Damage    Failure   Level
a - Summon Small Mammal   Summ           48%        N/A       3%          1
b - Call Imp              Summ           12%        N/A       5%          2
c - Call Canine Familiar  Summ           12%        N/A       11%         3

Your spell library contained the following spells:

 Spells                   Type           Power      Damage    Failure   Level
 Magic Dart               Conj           4%         1d3       28%         1
 Summon Guardian Golem    Hex/Summ       6%         N/A       30%         3
 Mephitic Cloud           Conj/Pois/Air  1%         N/A       63%         3
 Summon Lightning Spire   Summ/Air       6%         N/A       69%         4


Dungeon Overview and Level Annotations

Branches:
Dungeon (3/15)

Altars:
Trog
Zin


Innate Abilities, Weirdness & Mutations

((You are very nimble when in or above water. (Stealth+, EV+, Speed+++)))
Your lower body shifts to a powerful aquatic tail in water.


Message History

Your hound disappears in a puff of smoke!
Magic restored.
Found a stone staircase leading up.
An orc priest comes into view. It is wielding a +0 quarterstaff.
The orc priest shouts!
The orc priest begins to cast a cantrip, but forgets the words!
The orc priest mumbles some strange prayers to Beogh against you.
Beogh smites you!
The orc priest hits your hound with a +0 quarterstaff.
The orc priest drinks a potion.
The orc priest suddenly seems more resistant.
Your hound completely misses the orc priest.
You swap places.
The orc priest calls down the wrath of Beogh upon you.
Beogh smites you!
Your hound bites the orc priest but does no damage.
You hit the orc priest.
The orc priest is lightly wounded.
Your hound closely misses the orc priest.
The orc priest mumbles some strange prayers to Beogh against you.
Beogh smites you!
* * * LOW HITPOINT WARNING * * *
Your hound bites the orc priest but does no damage.
The orc priest closely misses you.
You are too injured to fight recklessly!
You are too injured to fight recklessly!
You hit the orc priest but do no damage.
The orc priest is lightly wounded.
Your hound bites the orc priest but does no damage.
The orc priest closely misses you.
Your hound bites the orc priest but does no damage.
You barely miss the orc priest.
The orc priest is lightly wounded.
Your hound closely misses the orc priest.
The orc priest hits you with a +0 quarterstaff.
* * * LOW HITPOINT WARNING * * *
Your hound barely misses the orc priest.
The orc priest invokes the aid of Beogh against you.
Beogh smites you!
You die...

#.#.#.#..# # ..
#.#.#+#..# # ...
#........# ### ...#+####
#........###.'
#.#..<..#.#............'
........#.#...[..####..'
#.......' #......'.....#
#....o###......####..#
#....@h........# #..#
#.....###......# #..#
......#.†...#'#### ####
......#.....#.# # .....
#.....#.# #####
#.#####.# #.. ..# ####
###


You could see an orc priest (resistant, ally target) and a friendly hound
(summoned).

Vanquished Creatures
  An iguana (D:3)
  An adder (D:2)
  A worm (D:2)
  2 dart slugs
  A ball python (D:2)
  4 bats
  3 endoplasms
  2 giant cockroaches (D:2)
  5 goblins
  2 hobgoblins
  A jackal (D:1)
  2 frilled lizards (D:2)
  A kobold (D:2)
  A rat (D:2)
27 creatures vanquished.

Vanquished Creatures (collateral kills)
  An adder (D:2)
  A worm (D:2)
  An endoplasm (D:2)
  A goblin (D:1)
  A hobgoblin (D:2)
  A jackal (D:1)
  A ball python (D:2)
  A bat (D:1)
  A frilled lizard (D:2)
  A kobold (D:1)
10 creatures vanquished.

Grand Total: 37 creatures vanquished

Notes
Turn   | Place    | Note
-------+----------+-------------------------------------------
     0 | D:1      | ryw the Merfolk Summoner began the quest for the Orb.
     0 | D:1      | Reached XP level 1. HP: 13/13 MP: 3/3
   593 | D:1      | Identified the +5 morningstar of Articulation {pain, rC++
                  | Int-5}
   666 | D:1      | Reached XP level 2. HP: 5/20 MP: 3/5
   666 | D:1      | HP: 1/20 [hobgoblin (5)]
   994 | D:2      | Reached skill level 1 in Fighting
  1004 | D:2      | Learned a level 2 spell: Call Imp
  1039 | D:2      | Reached XP level 3. HP: 21/26 MP: 2/6
  1622 | D:2      | Reached XP level 4. HP: 30/32 MP: 3/7
  1683 | D:2      | Learned a level 3 spell: Call Canine Familiar
  1765 | D:3      | Found a glowing silver altar of Zin.
  1775 | D:3      | Found a bloodstained altar of Trog.
  1926 | D:3      | Killed from afar by an orc priest

Illustrated notes

Levels and vault maps discovered:
D:1:      nzn_arrival_settlement, layout_basic, chequers_garden,
          serial_park_tiny_1, minivault_5
D:2:      layout_loops_ring, dreamdust_princess_bridge
D:3:      layout_basic, mainiacjoe_overflow_big_doors

Skill      XL: |  1  2 |
---------------+-------+-----
Dodging        | 3 |  3.6
Fighting       | 1 |  1.6
Stealth        | |  2.1
Spellcasting   | |  2.5
Summonings     | |  4.8

Action                   |  1- 3 |  4- 6 || total
-------------------------+-------+-------++-------
Melee: Morningstar       |    50 |     8 ||    58
       Short sword       |     4 |       ||     4
 Cast: Summon Small Mamm |    25 |       ||    25
       Call Imp          |     3 |       ||     3
       Call Canine Famil |       |     3 ||     3
 Stab: Sleeping          |     5 |     2 ||     7
Armor: Robe              |    16 |       ||    16
Dodge: Dodged            |    50 |     4 ||    54

Table legend: (Time is in decaauts)
 A = Elapsed time spent in this place.
 B = Non-inter-level travel time spent in this place.
 C = Inter-level travel time spent in this place.
 D = Time resting spent in this place.
 E = Time spent auto-exploring this place.
 F = Levels seen in this place.
 G = Mean time per level.
                   A        B        C        D        E       F      G
               +--------+--------+--------+--------+--------+-----+--------+
         Total |   1949 |   1909 |     40 |     81 |   1477 |   3 |  649.7 |
       Dungeon |   1949 |   1909 |     40 |     81 |   1477 |   3 |  649.7 |
               +--------+--------+--------+--------+--------+-----+--------+

Top non-repeatable levels by time:
     D:2: 920 daAuts
     D:1: 843 daAuts
     D:3: 186 daAuts
